[Event "Titled Tuesday Blitz April 4 Early 2023"]
[White "Maksimovic, Bojan"]
[Black "Al-Tarboush, Ward"]
[WhiteFideId "14408120"]
[BlackFideId "7601450"]
[WhiteElo "2468"]
[BlackElo "2265"]
[Result "1-0"]
[Round "09"]
[TimeControl "180+2"]
[Date "2023.04.04"]
[WhiteClock "0:02:44"]
[BlackClock "0:01:48"]

1. e4 c5 2. Nf3 Nc6 3. d4 cxd4 4. Nxd4 Nf6 5. Nc3 e5 6. Ndb5 d6 7. Bg5 a6 8. Na3 b5 9. Bxf6 gxf6 10. Nd5 f5 11. Bd3 Be6 12. O-O Bg7 13. Qh5 f4 14. c4 b4 15. Nc2 a5 16. Rad1 O-O 17. Ne1 Nd4 18. Nf3 Qd7 19. Nxd4 Bg4 20. Qh4 Bxd1 21. Nf5 Ba4 22. Nf6+ 1-0


[Site "https://www.chess.com"]

[Event "Titled Tuesday Blitz April 4 Early 2023"]
[White "Ambartsumova, Karina"]
[Black "Urazayev, Arystanbek"]
[WhiteFideId "4166299"]
[BlackFideId "13709810"]
[WhiteElo "2240"]
[BlackElo "2449"]
[Result "0-1"]
[Round "09"]
[TimeControl "180+2"]
[Date "2023.04.04"]
[WhiteClock "0:00:03"]
[BlackClock "0:01:27"]

1. Nf3 Nf6 2. c4 g6 3. g3 Bg7 4. Bg2 O-O 5. O-O d6 6. d4 c5 7. Nc3 Nc6 8. d5 Na5 9. Qd3 a6 10. e4 b5 11. cxb5 axb5 12. e5 Bf5 13. Qxb5 Ne4 14. Qe2 Nxc3 15. bxc3 Nb3 16. Bg5 Nxa1 17. exd6 Qxd6 18. Bxe7 Rfe8 19. Bxd6 Rxe2 20. Rxa1 Raxa2 21. Rf1 c4 22. Bb4 Rac2 23. Ra1 h6 24. Bc5 Bxc3 25. Ra8+ Kg7 26. h3 Ra2 27. Rd8 Be4 28. Nd4 Bxg2 29. Nxe2 Bf3 30. Nc1 Rd2 0-1


[Site "https://www.chess.com"]

[Event "Titled Tuesday Blitz April 4 Early 2023"]
[White "Sielecki, Christof"]
[Black "Pakleza, Zbigniew"]
[WhiteFideId "4620437"]
[BlackFideId "1119290"]
[WhiteElo "2443"]
[BlackElo "2410"]
[Result "1-0"]
[Round "09"]
[TimeControl "180+2"]
[Date "2023.04.04"]
[WhiteClock "0:00:18"]
[BlackClock "0:00:02"]

1. e4 d6 2. d4 Nf6 3. Nc3 c6 4. f4 Qb6 5. Nf3 Bg4 6. a3 e5 7. Be3 Bxf3 8. gxf3 Nbd7 9. Qd2 exf4 10. Bxf4 Qxb2 11. Rb1 Qxa3 12. Rxb7 Nb6 13. d5 g5 14. Bxg5 Bg7 15. dxc6 O-O 16. Rg1 Qc5 17. Qe3 Kh8 18. Qxc5 dxc5 19. Bh3 Nc4 20. Nd5 Nh5 21. Bg4 Bd4 22. Bxh5 f6 23. Bh6 Rg8 24. Rxg8+ Rxg8 25. Bg4 Nd6 26. Rd7 f5 27. exf5 Nb5 28. c7 Nxc7 29. Nxc7 a5 30. Ne6 a4 31. Nxd4 cxd4 32. Ra7 Ra8 33. Rxa8# 1-0


[Site "https://www.chess.com"]

[Event "Titled Tuesday Blitz April 4 Early 2023"]
[White "Remizov, Yaroslav"]
[Black "Sousa, Andre Ventura"]
[WhiteFideId "34134015"]
[BlackFideId "1917617"]
[WhiteElo "2412"]
[BlackElo "2348"]
[Result "1-0"]
[Round "09"]
[TimeControl "180+2"]
[Date "2023.04.04"]
[WhiteClock "0:00:31"]
[BlackClock "0:00:10"]

1. e4 e5 2. Nf3 Nc6 3. Bc4 Nf6 4. d3 Bc5 5. c3 O-O 6. O-O d5 7. exd5 Nxd5 8. a4 a6 9. Nbd2 Kh8 10. a5 f6 11. Re1 Ba7 12. h3 Nce7 13. Ne4 Ng6 14. d4 c6 15. dxe5 fxe5 16. Bg5 Qc7 17. Nh4 Nxh4 18. Bxh4 Bf5 19. Bxd5 cxd5 20. Qxd5 Rae8 21. Nd6 Qc6 22. Qxc6 bxc6 23. Nxe8 Rxe8 24. Rad1 Bc5 25. Rd8 Rxd8 26. Bxd8 Bd6 27. Bb6 Kg8 28. Bc5 Bc7 29. Bb6 Bd6 30. Rd1 Be7 31. b4 Kf7 32. Bc5 Bxc5 33. bxc5 Ke7 34. Rd6 Be4 35. f3 Bd5 36. Kf2 h6 37. Ke3 g5 38. Rxh6 Kd7 39. Rd6+ Kc7 40. g3 Be4 1-0


[Site "https://www.chess.com"]

[Event "Titled Tuesday Blitz April 4 Early 2023"]
[White "Gabdrakhmanov, Azat"]
[Black "Cherniaiev, Tykhon"]
[WhiteFideId "34189197"]
[BlackFideId "14182360"]
[WhiteElo "2306"]
[BlackElo "2450"]
[Result "0-1"]
[Round "09"]
[TimeControl "180+2"]
[Date "2023.04.04"]
[WhiteClock "0:00:02"]
[BlackClock "0:00:06"]

1. e4 e5 2. Nf3 Nc6 3. Bb5 Nf6 4. d3 Bc5 5. c3 d5 6. Nbd2 O-O 7. O-O Bg4 8. h3 Bxf3 9. Qxf3 a6 10. Ba4 b5 11. Bb3 d4 12. a3 Qd6 13. Re1 Rad8 14. Bc2 Bb6 15. Nf1 dxc3 16. bxc3 Ba5 17. Bb2 Qc5 18. Rac1 Rfe8 19. Bb3 Qe7 20. Red1 Bb6 21. Ne3 Bxe3 22. Qxe3 Rd7 23. f3 Red8 24. d4 Na5 25. Ba2 exd4 26. cxd4 c5 27. d5 Nb7 28. Qf2 c4 29. Bd4 Qxa3 30. Ra1 Qe7 31. Bb1 a5 32. Bc2 a4 33. Rdb1 Nxd5 34. exd5 Rxd5 35. Be3 f5 36. Rd1 Rxd1+ 37. Rxd1 Rxd1+ 38. Bxd1 a3 39. Qd2 Qd6 40. Qc2 a2 41. Qxa2 Qxd1+ 42. Kh2 Qd6+ 43. f4 Qb8 44. Qa6 Nd6 45. Ba7 Qc7 46. Bb6 Qc6 47. Qa7 h6 48. Qb8+ Kh7 49. Bd4 Ne4 50. Qa7 Qg6 51. g4 fxg4 52. f5 Qd6+ 53. Kh1 Ng3+ 54. Kg2 Nxf5 55. Bf2 Qd5+ 56. Kg1 gxh3 57. Kf1 h2 58. Ke2 h1=Q 59. Be1 Qhf3# 0-1


[Site "https://www.chess.com"]

[Event "Titled Tuesday Blitz April 4 Early 2023"]
[White "Levitskiy, Andrey"]
[Black "Kleiman, Jake"]
[WhiteFideId "14132885"]
[BlackFideId "2020041"]
[WhiteElo "2341"]
[BlackElo "2614"]
[Result "1/2-1/2"]
[Round "09"]
[TimeControl "180+2"]
[Date "2023.04.04"]
[WhiteClock "0:00:07"]
[BlackClock "0:00:17"]

1. e4 e5 2. Nf3 Nc6 3. Bc4 Bc5 4. c3 Nf6 5. d4 exd4 6. b4 Bb6 7. e5 d5 8. exf6 dxc4 9. b5 Na5 10. Qe2+ Be6 11. fxg7 Rg8 12. Nxd4 Qf6 13. Nxe6 fxe6 14. Qh5+ Qf7 15. Qxf7+ Kxf7 16. Bh6 Kg6 17. Bf4 Rxg7 18. Nd2 Rf7 19. Bg3 a6 20. bxa6 Rxa6 21. O-O Bc5 22. Rfe1 Kg7 23. Rab1 Bd6 24. Re4 Bxg3 25. hxg3 Rc6 26. Rb4 Rd6 27. Nxc4 Rd1+ 28. Kh2 Nxc4 29. Rbxc4 Rd2 30. f3 Rxa2 31. Rxe6 Rc2 32. Kh3 c6 33. Rg4+ Kf8 34. c4 Rc1 35. Kh2 Rc2 36. Kh3 Rc1 37. Rge4 Rh1+ 38. Kg4 Rh2 39. Re2 Kg7 40. Re7 Kf6 41. R2e6+ Kg7 42. Re2 Kf8 43. Re8+ Kg7 44. R8e7 1/2-1/2


[Site "https://www.chess.com"]

[Event "Titled Tuesday Blitz April 4 Early 2023"]
[White "Orlov, Georgi"]
[Black "Kosteniuk, Alexandra"]
[WhiteFideId "2011271"]
[BlackFideId "4128125"]
[WhiteElo "2575"]
[BlackElo "2453"]
[Result "1/2-1/2"]
[Round "09"]
[TimeControl "180+2"]
[Date "2023.04.04"]
[WhiteClock "0:00:04"]
[BlackClock "0:00:05"]

1. d4 f5 2. Nf3 Nf6 3. c4 g6 4. Nc3 Bg7 5. g3 O-O 6. Qb3 c6 7. c5+ e6 8. Ne5 b6 9. Be3 Nd5 10. Nxd5 cxd5 11. Nd3 Nc6 12. Qc3 Ba6 13. Bg2 Rc8 14. b4 d6 15. O-O Bxd3 16. exd3 dxc5 17. bxc5 bxc5 18. Qxc5 Nxd4 19. Qxa7 Nc6 20. Qa4 Bxa1 21. Rxa1 Rf7 22. Re1 Qd6 23. d4 Qb4 24. Qd1 Re7 25. h4 Ra8 26. Re2 Qa4 27. Qd2 Ree8 28. Kh2 Kf7 29. h5 Na5 30. Bg5 Nc4 31. Qf4 Qd7 32. Qh4 Rg8 33. Bf3 Ra3 34. hxg6+ hxg6 35. Bf6 Rg7 36. Bxg7 Kxg7 37. Bxd5 Qxd5 38. Qe7+ Kh6 39. Rxe6 Kh5 40. Qh7+ Kg4 41. Qxg6+ Kf3 42. Rf6 Qxd4 43. Rxf5+ Ke2 44. Qe6+ Kf1 45. Rf4 Qh8+ 46. Qh3+ Qxh3+ 47. Kxh3 Nd2 48. Rg4 Nf3 49. Rf4 Kxf2 50. Kg4 Rd3 51. Rf5 Kg2 52. Kf4 Nh2 53. Ke4 Rxg3 54. a4 Ra3 55. a5 Ng4 56. Rg5 Kh3 57. Kd4 Ra4+ 58. Kc3 Nf6 59. Kb3 Ra1 60. Kb4 Ne4 61. Re5 Nd2 62. Kb5 Nb3 63. a6 Nd4+ 64. Kb6 Rb1+ 65. Kc7 Ra1 66. Kb6 Rb1+ 67. Kc7 Ra1 68. Kb6 1/2-1/2


[Site "https://www.chess.com"]

[Event "Titled Tuesday Blitz April 4 Early 2023"]
[White "Horak, Martin"]
[Black "Prohaszka, Peter"]
[WhiteFideId "367095"]
[BlackFideId "726265"]
[WhiteElo "2091"]
[BlackElo "2626"]
[Result "0-1"]
[Round "09"]
[TimeControl "180+2"]
[Date "2023.04.04"]
[WhiteClock "0:00:01"]
[BlackClock "0:00:04"]

1. e4 c6 2. Ne2 d5 3. e5 d4 4. d3 Qa5+ 5. Nd2 Be6 6. f4 Qd5 7. Ne4 f5 8. Ng5 Bc8 9. c4 Qd8 10. b4 c5 11. bxc5 e6 12. g3 Bxc5 13. Bg2 Ne7 14. O-O Nbc6 15. Qa4 O-O 16. Ba3 Bxa3 17. Qxa3 h6 18. Nf3 g5 19. fxg5 hxg5 20. Nxg5 Nxe5 21. Nf4 Rf6 22. Rae1 N7g6 23. Nfxe6 Bxe6 24. Nxe6 Rxe6 25. Bd5 Qf6 26. Qd6 Re8 27. Bxe6+ Rxe6 28. Qb8+ Kg7 29. Qxb7+ Re7 30. Qd5 f4 31. Kg2 f3+ 32. Rxf3 Nxf3 33. Rxe7+ Nxe7 34. Qxf3 Nf5 35. Qe4 Ne3+ 36. Kh3 Qh6+ 37. Qh4 Qe6+ 38. g4 Qf7 39. Qg3 Qf1+ 40. Kh4 Ng2+ 41. Kh5 Qf7+ 42. Kg5 Qf6+ 43. Kh5 Qh6# 0-1


[Site "https://www.chess.com"]

[Event "Titled Tuesday Blitz April 4 Early 2023"]
[White "Pham, Le Thao Nguyen"]
[Black "Matinian, Nikita"]
[WhiteFideId "12401226"]
[BlackFideId "24129100"]
[WhiteElo "2286"]
[BlackElo "2422"]
[Result "0-1"]
[Round "09"]
[TimeControl "180+2"]
[Date "2023.04.04"]
[WhiteClock "0:00:01"]
[BlackClock "0:00:05"]

1. d4 Nf6 2. Nf3 e6 3. Bg5 Be7 4. Nbd2 d5 5. e3 c5 6. c3 O-O 7. Bd3 b6 8. Ne5 Qc7 9. O-O Ba6 10. Bxa6 Nxa6 11. f4 Nb8 12. Qf3 Nc6 13. Rae1 Rfe8 14. Re2 a5 15. Bxf6 Bxf6 16. g4 a4 17. a3 Rad8 18. Rg2 Rf8 19. Nd3 Be7 20. g5 f5 21. gxf6 Bxf6 22. Qh3 Rde8 23. Nf3 cxd4 24. cxd4 Na5 25. Nfe5 Nc4 26. Ng4 Nd6 27. Kh1 Nf5 28. Rfg1 Re7 29. Nh6+ Nxh6 30. Qxh6 Qc4 31. Nf2 Qe2 32. Qh3 Kh8 33. Ng4 Qd3 34. Qh5 Qe4 35. h3 g6 36. Qh6 Bg7 37. Qg5 Ree8 38. Kh2 Rf5 39. Qh4 Rh5 40. Qg3 Rc8 41. Rf2 Rc2 42. Rgg2 Rc1 43. Rg1 Rc2 44. Rxc2 Qxc2+ 45. Rg2 Qe4 46. Nf2 Qb1 47. Ng4 Rf5 48. Qf2 Qc1 49. Qc2 Qxc2 50. Rxc2 h5 51. Nf2 g5 52. Nd3 gxf4 53. Nxf4 Bxd4 54. Nxe6 Bxe3 55. Rc8+ Kh7 56. Rc6 h4 57. Nc7 Rf2+ 58. Kh1 d4 59. Nd5 Rxb2 60. Nf6+ Kg6 61. Ng4+ Kf5 62. Rf6+ Ke4 63. Re6+ Kd3 64. Rd6 Ke2 65. Kg2 b5 66. Ne5 b4 0-1


[Site "https://www.chess.com"]

[Event "Titled Tuesday Blitz April 4 Early 2023"]
[White "TimGrutter03"]
[Black "Oleksiyenko, Mykhaylo"]
[BlackFideId "4152417"]
[WhiteElo "2563"]
[BlackElo "2551"]
[Result "1-0"]
[Round "09"]
[TimeControl "180+2"]
[Date "2023.04.04"]
[WhiteClock "0:00:02"]
[BlackClock "0:00:23"]

1. e4 c5 2. Nf3 Nc6 3. d4 cxd4 4. Nxd4 e5 5. Nb5 d6 6. c4 Be6 7. N1c3 a6 8. Na3 Nf6 9. Be2 g6 10. O-O Bg7 11. Nc2 Rc8 12. b3 O-O 13. Bb2 b5 14. cxb5 axb5 15. Bxb5 Qb6 16. Bxc6 Rxc6 17. Nd5 Bxd5 18. exd5 Rc5 19. Ne3 Ra8 20. a4 Bh6 21. Qf3 Kg7 22. Nc4 Rxc4 23. a5 Qb5 24. bxc4 Qxb2 25. a6 Qb6 26. Qa3 Nd7 27. Rfb1 Qc5 28. a7 Qxa3 29. Rxa3 Kf8 30. Rb7 Ke7 31. Ra6 Kd8 32. Rxd6 1-0


[Site "https://www.chess.com"]

[Event "Titled Tuesday Blitz April 4 Early 2023"]
[White "Buksa, Nataliya"]
[Black "Skvortsov, Andrei"]
[WhiteFideId "14123622"]
[BlackFideId "24108600"]
[WhiteElo "2316"]
[BlackElo "2259"]
[Result "1-0"]
[Round "09"]
[TimeControl "180+2"]
[Date "2023.04.04"]
[WhiteClock "0:00:07"]
[BlackClock "0:00:05"]

1. d4 e6 2. Nc3 d5 3. Bf4 Bd6 4. e3 Bxf4 5. exf4 h5 6. Nf3 Nf6 7. Bd3 Nbd7 8. Qe2 Qe7 9. O-O-O a6 10. Ne5 c5 11. Nxd7 Nxd7 12. Rhe1 cxd4 13. Nxd5 Qd6 14. Bc4 Kd8 15. Rxd4 exd5 16. Rxd5 Qxf4+ 17. Kb1 Kc7 18. g3 Qf6 19. Bb3 Nb6 20. Rc5+ Kb8 21. a4 Bg4 22. Qe3 Rc8 23. a5 Rxc5 24. Qxc5 Nc8 25. Re8 g6 26. f4 Bf5 27. h4 Qc6 28. Qe5+ Qc7 29. Qd4 Qxa5 30. Bxf7 Qc7 31. Be6 Qxc2+ 32. Ka2 Bxe6+ 33. Rxe6 Ra7 34. Re8 b5 35. Qd6+ Ka8 36. Qd5+ Rb7 37. Qe6 Kb8 38. Qe5+ Qc7 39. Qe6 Rb6 40. Rxc8+ Qxc8 41. Qxb6+ Ka8 42. Qxg6 Qc4+ 43. Kb1 Qf1+ 44. Kc2 Qc4+ 45. Kd2 Qd4+ 46. Kc1 Qg1+ 47. Kc2 Qf2+ 48. Kc3 Qc5+ 49. Kd3 Qd5+ 50. Ke3 Qc5+ 51. Kf3 a5 52. Qe8+ Kb7 53. Qe4+ Ka6 54. f5 Qc1 55. Qe6+ Kb7 56. Qe4+ Ka6 57. Qe5 Kb6 58. Qd6+ Kb7 59. Qe7+ Kb6 60. Qe3+ Qxe3+ 61. Kxe3 Kc5 62. Kf4 Kd5 63. Kg5 Kd6 64. f6 a4 65. Kg6 b4 66. f7 a3 1-0


[Site "https://www.chess.com"]

[Event "Titled Tuesday Blitz April 4 Early 2023"]
[White "Jessel, Stephen"]
[Black "Mortazavi, Ali"]
[WhiteFideId "628859"]
[BlackFideId "401323"]
[WhiteElo "2268"]
[BlackElo "2339"]
[Result "1-0"]
[Round "09"]
[TimeControl "180+2"]
[Date "2023.04.04"]
[WhiteClock "0:00:06"]
[BlackClock "0:00:04"]

1. Nf3 Nf6 2. g3 g6 3. b4 Bg7 4. Bb2 O-O 5. c4 d6 6. Bg2 e5 7. O-O Nbd7 8. d3 a5 9. b5 Nc5 10. Nc3 Re8 11. Nd2 h5 12. Ba3 Ne6 13. Nd5 Nxd5 14. cxd5 Nd4 15. Rb1 Bd7 16. b6 cxb6 17. Nc4 Bg4 18. f3 Bd7 19. Nxd6 Bf8 20. Nc4 b5 21. Bxf8 bxc4 22. Bh6 c3 23. Rxb7 c2 24. Qd2 Rc8 25. Rc1 Ba4 26. f4 e4 27. Bxe4 Nxe2+ 28. Qxe2 Qxd5 29. Bxd5 Rxe2 30. Rxf7 Kh8 31. Bg5 Rce8 32. Bf6+ Kg8 33. Rg7+ Kf8 34. Rg8# 1-0


[Site "https://www.chess.com"]

[Event "Titled Tuesday Blitz April 4 Early 2023"]
[White "Shuvalova, Polina"]
[Black "Eynullayev, Atilla"]
[WhiteFideId "24171760"]
[BlackFideId "13413570"]
[WhiteElo "2281"]
[BlackElo "2181"]
[Result "1-0"]
[Round "09"]
[TimeControl "180+2"]
[Date "2023.04.04"]
[WhiteClock "0:00:20"]
[BlackClock "0:00:05"]

1. e4 c5 2. Nf3 e6 3. g3 Nc6 4. Bg2 d6 5. O-O Nf6 6. Qe2 Be7 7. c3 e5 8. Re1 O-O 9. Na3 a6 10. Nc2 b5 11. a4 bxa4 12. Rxa4 a5 13. d3 Qb6 14. Ne3 Ba6 15. Nd2 Bb5 16. Ra1 a4 17. Ndc4 Qb7 18. f4 Rfe8 19. Rf1 Na5 20. fxe5 dxe5 21. Nxe5 Bd8 22. N3g4 h5 23. Nxf6+ Bxf6 24. Nc4 Nxc4 25. dxc4 Bc6 26. Rxf6 gxf6 27. Qxh5 Qd7 28. Bh6 Re5 29. Qh4 Rd8 30. Qxf6 1-0


[Site "https://www.chess.com"]

[Event "Titled Tuesday Blitz April 4 Early 2023"]
[White "Piesik, Piotr"]
[Black "Ibadov, Dashgyn"]
[WhiteFideId "1136194"]
[BlackFideId "24107514"]
[WhiteElo "2299"]
[BlackElo "2208"]
[Result "0-1"]
[Round "09"]
[TimeControl "180+2"]
[Date "2023.04.04"]
[WhiteClock "0:01:40"]
[BlackClock "0:01:17"]

1. Nf3 d5 2. g3 Nd7 3. Bg2 e5 4. d3 Ngf6 5. O-O Bd6 6. Nbd2 O-O 7. e4 c6 8. Qe2 Re8 9. a4 a5 10. Nb3 h6 11. Bd2 b6 12. Rfd1 Ba6 13. Qe1 Qc7 14. Nh4 Rac8 15. Nf5 Bf8 16. Ne3 d4 17. Nf5 c5 18. Bf1 c4 19. dxc4 Bxc4 20. Bxc4 Qxc4 21. Rdc1 g6 22. Nxh6+ Kh7 23. Nf5 gxf5 24. exf5 e4 25. Bg5 e3 26. fxe3 dxe3 27. Rd1 Qxc2 28. Nd4 Qf2+ 29. Qxf2 exf2+ 30. Kxf2 Ne4+ 0-1


[Site "https://www.chess.com"]

[Event "Titled Tuesday Blitz April 4 Early 2023"]
[White "Ljukin, Sergei"]
[Black "Vaibhav Jayant Raut"]
[WhiteFideId "14102200"]
[BlackFideId "5089034"]
[WhiteElo "2312"]
[BlackElo "2156"]
[Result "1-0"]
[Round "09"]
[TimeControl "180+2"]
[Date "2023.04.04"]
[WhiteClock "0:00:04"]
[BlackClock "0:00:02"]

1. e4 c5 2. Nf3 Nc6 3. d4 cxd4 4. Nxd4 Nf6 5. Nc3 e5 6. Ndb5 d6 7. Nd5 Nxd5 8. exd5 Ne7 9. c3 Ng6 10. Qa4 Bd7 11. Qb4 Bc8 12. Qc4 Kd7 13. Bd3 a6 14. Na3 Ke8 15. O-O Be7 16. Qb3 f5 17. f3 Rf8 18. Nc4 b5 19. Nd2 Kf7 20. a4 bxa4 21. Rxa4 Kg8 22. Nc4 Bd7 23. Ra3 Bb5 24. Qc2 Bg5 25. Bxg5 Qxg5 26. Nxd6 Qe3+ 27. Qf2 Qxd3 28. c4 Qd4 29. Qxd4 exd4 30. cxb5 axb5 31. Nxb5 Rab8 32. Ra5 Nf4 33. d6 d3 34. Rd1 Rfe8 35. g3 Nh3+ 36. Kg2 Ng5 37. Rxd3 Re2+ 38. Kf1 Rxb2 39. Nc3 Rxh2 40. d7 Ne6 41. Rxf5 Ra8 42. Re5 Kf7 43. Re1 Rh1+ 44. Kf2 Rh2+ 45. Ke3 Rd8 46. f4 Rg2 47. Kf3 Rc2 48. Nd5 Rxd7 49. Rde3 Nd4+ 50. Ke4 Rc4 51. Nb6 Nc2+ 52. Nxc4 Nxe1 53. Rxe1 Re7+ 54. Ne5+ Kf6 55. Rc1 g5 56. Rc6+ Kg7 57. fxg5 h6 58. g6 h5 59. Kf5 h4 60. gxh4 Kh6 61. Rf6 1-0


[Site "https://www.chess.com"]

[Event "Titled Tuesday Blitz April 4 Early 2023"]
[White "Fishchuk, Vladyslav"]
[Black "Mendez Fortes, Eduardo Jesus"]
[WhiteFideId "34122117"]
[BlackFideId "3502376"]
[WhiteElo "2082"]
[BlackElo "2307"]
[Result "1-0"]
[Round "09"]
[TimeControl "180+2"]
[Date "2023.04.04"]
[WhiteClock "0:00:07"]
[BlackClock "0:00:03"]

1. d4 Nf6 2. Nc3 d5 3. Bf4 e6 4. Nb5 Na6 5. e3 Be7 6. Nf3 O-O 7. Ne5 c6 8. Nc3 Nd7 9. Bxa6 Nxe5 10. Bxb7 Bxb7 11. Bxe5 f6 12. Bg3 Ba6 13. Ne2 Qa5+ 14. c3 Qb5 15. Qd2 c5 16. f3 Rfc8 17. Kf2 Qb6 18. Rhe1 Bb5 19. Kg1 a5 20. Kh1 a4 21. Rab1 Be8 22. Nf4 g5 23. Nd3 c4 24. Nf2 f5 25. Be5 Bg6 26. e4 dxe4 27. fxe4 f4 28. Ng4 h5 29. Bf6 Bxf6 30. Nxf6+ Kg7 31. Nd7 Qb7 32. Nc5 Qe7 33. h4 e5 34. hxg5 Rd8 35. Qf2 Rac8 36. Rbd1 a3 37. bxa3 Kh7 38. Rb1 Rc7 39. a4 Ra8 40. Rb4 Rc6 41. Rb7 Rc7 42. Reb1 Rac8 43. a5 Qd6 44. a6 Kh8 45. R7b6 Rc6 46. Rxc6 Qxc6 47. a7 Qa8 48. Rb7 Kg8 49. Qb2 Bxe4 50. Nxe4 exd4 51. cxd4 c3 52. Qb3+ Kh8 53. Nf6 c2 54. Rh7# 1-0


[Site "https://www.chess.com"]

[Event "Titled Tuesday Blitz April 4 Early 2023"]
[White "Becerra, Juan David"]
[Black "Skliarov, Viktor"]
[WhiteFideId "4404998"]
[BlackFideId "14106736"]
[WhiteElo "2276"]
[BlackElo "2317"]
[Result "1-0"]
[Round "09"]
[TimeControl "180+2"]
[Date "2023.04.04"]
[WhiteClock "0:00:39"]
[BlackClock "0:00:03"]

1. e4 c5 2. d4 cxd4 3. c3 Nf6 4. e5 Nd5 5. cxd4 e6 6. Nc3 Nxc3 7. bxc3 b6 8. f4 Bb7 9. Nf3 Nc6 10. Bd3 Rc8 11. O-O Na5 12. Qe1 g6 13. Ng5 Be7 14. Ne4 d5 15. exd6 Bxd6 16. f5 gxf5 17. Rxf5 Be7 18. Rf2 Qd5 19. Ba3 Rg8 20. Qe2 f5 21. Qh5+ Kd7 22. Bxe7 fxe4 23. Bb5+ Kxe7 24. Rf7+ Kd8 25. Qh4+ Rg5 26. Rd7+ Qxd7 27. Bxd7 Kxd7 28. Qxg5 Rxc3 29. Rf1 Bd5 30. Qe5 Kc6 31. a4 Rc2 32. Rf7 Rc1+ 33. Kf2 e3+ 34. Kg3 1-0


[Site "https://www.chess.com"]

[Event "Titled Tuesday Blitz April 4 Early 2023"]
[White "NiklasSchmider"]
[Black "Devaev, Alexander"]
[BlackFideId "4169395"]
[WhiteElo "2621"]
[BlackElo "2204"]
[Result "0-1"]
[Round "09"]
[TimeControl "180+2"]
[Date "2023.04.04"]
[WhiteClock "0:00:02"]
[BlackClock "0:00:12"]

1. e4 c6 2. d4 d5 3. e5 Bf5 4. Nf3 e6 5. Be2 Nd7 6. O-O a6 7. a4 h6 8. a5 c5 9. c3 Ne7 10. Qa4 Nc6 11. Be3 Be7 12. Nbd2 O-O 13. Ne1 f6 14. exf6 Rxf6 15. Nef3 Qc7 16. c4 cxd4 17. Bxd4 Nc5 18. Bxc5 Bxc5 19. cxd5 exd5 20. Nb3 Ba7 21. Rad1 Re8 22. Rxd5 Rxe2 23. Rxf5 Rxf5 24. Qc4+ Qf7 25. Qxe2 Qxb3 26. Qe8+ Rf8 27. Qe4 Qf7 28. Nh4 Re8 29. Qg4 Ne5 30. Qg3 Qf6 31. h3 Kh8 32. Qb3 g5 33. Qxb7 Bb8 34. Nf3 Nxf3+ 35. Qxf3 Qxf3 36. gxf3 Re2 37. Rc1 Rxb2 38. Rc6 Kg7 39. Rxa6 Be5 40. Ra7+ Kg6 41. a6 Bd4 42. Rb7 Rxf2 43. Rc7 Rc2+ 44. Kf1 Rxc7 0-1


[Site "https://www.chess.com"]

[Event "Titled Tuesday Blitz April 4 Early 2023"]
[White "Nikologorskiy, Konstantin"]
[Black "Mazurkiewicz, Michal"]
[WhiteFideId "24111708"]
[BlackFideId "1124943"]
[WhiteElo "2293"]
[BlackElo "2054"]
[Result "0-1"]
[Round "09"]
[TimeControl "180+2"]
[Date "2023.04.04"]
[WhiteClock "0:00:46"]
[BlackClock "0:00:09"]

1. d4 Nf6 2. c4 e5 3. dxe5 Ng4 4. e3 Nxe5 5. f4 Nec6 6. Ne2 Bc5 7. Ng3 d6 8. Be2 Qe7 9. Nc3 Bb4 10. Qc2 O-O 11. O-O Bxc3 12. Qxc3 Nd7 13. b3 Nc5 14. Bb2 f6 15. Bf3 a5 16. Rfe1 Nb4 17. Ba3 Nbd3 18. Re2 Qf7 19. Rd1 Qg6 20. Bh5 Qh6 21. Rxd3 Nxd3 22. Qxd3 Bd7 23. Bf3 Bc6 24. Bxc6 bxc6 25. Qe4 Rfe8 26. Qxc6 Qg6 27. Qd5+ Kh8 28. e4 a4 29. b4 Qg4 30. Bc1 a3 31. b5 Ra4 32. Kf2 Rb4 33. h3 Qh4 34. Bxa3 Rb1 35. Qd2 Ra1 36. c5 Ra8 37. cxd6 Rxa3 38. Re3 Qxf4+ 39. Ke2 R3xa2 40. d7 Rxd2+ 41. Kxd2 Qd6+ 42. Rd3 Rd1+ 43. Kxd1 Qxd3+ 44. Kc1 Qxd7 45. Ne2 Qxb5 46. Kd2 Qc5 47. Kd3 Qf2 48. Nd4 Qxg2 49. Nf5 Qxh3+ 50. Kd4 Qxf5 51. exf5 h5 52. Ke4 c5 53. Kf4 c4 54. Ke4 h4 55. Kf3 c3 56. Kg4 c2 57. Kh5 c1=Q 58. Kg6 Kg8 59. Kh5 Qg5# 0-1


[Site "https://www.chess.com"]

[Event "Titled Tuesday Blitz April 4 Early 2023"]
[White "Namitbir Singh Walia"]
[Black "ArtemDyachuk"]
[WhiteFideId "35071068"]
[WhiteElo "2239"]
[BlackElo "2440"]
[Result "1-0"]
[Round "09"]
[TimeControl "180+2"]
[Date "2023.04.04"]
[WhiteClock "0:00:10"]
[BlackClock "0:00:01"]

1. e4 c6 2. d4 d5 3. exd5 cxd5 4. Bd3 Nc6 5. c3 Nf6 6. h3 g6 7. Nf3 Bg7 8. O-O O-O 9. Bf4 Nd7 10. Re1 Re8 11. Ne5 Ncxe5 12. dxe5 Nc5 13. Bc2 Ne6 14. Bh2 b5 15. Nd2 Bb7 16. Nf3 Qb6 17. Nd4 Nxd4 18. Qxd4 Qxd4 19. cxd4 e6 20. Bd3 a6 21. Bf4 Rac8 22. Rec1 Bf8 23. Kf1 h5 24. Bg5 Kh7 25. Ke2 Bh6 26. h4 Bf8 27. Kd1 Bb4 28. Rxc8 Rxc8 29. Rc1 Rxc1+ 30. Kxc1 Ba5 31. f3 Bb6 32. Be3 Kg7 33. g4 Bd8 34. Bf2 g5 35. hxg5 Bxg5+ 36. Kc2 hxg4 37. fxg4 Kh6 38. Kc3 Bf4 39. Bh4 Be3 40. Bf6 Bc6 41. g5+ Bxg5 42. Bxg5+ Kxg5 43. Kb4 Kf4 44. Kc5 Ke3 45. Bh7 Be8 46. b4 Kd2 47. Bg8 Kc3 48. Bh7 Kb2 49. Kd6 Kxa2 50. Ke7 Bc6 51. Kxf7 Kb3 52. Kxe6 Kxb4 53. Kd6 Be8 54. Kxd5 a5 55. Bg8 a4 56. Kd6 a3 57. Ke7 Bh5 58. Ba2 Kc3 59. d5 b4 60. d6 Bg4 61. e6 b3 62. Bxb3 Kxb3 63. d7 a2 64. d8=Q a1=Q 65. Qd5+ Kb4 66. Qe4+ Kc5 67. Qxg4 Qa7+ 68. Kf6 Qa1+ 69. Kf7 Qf1+ 70. Ke7 Kd5 71. Qg5+ Kc6 72. Qf6 Qd3 73. Kf7 Qd5 74. Qc3+ Kb7 75. Qb4+ Kc6 76. Qa4+ Kb7 77. Qd7+ 1-0


[Site "https://www.chess.com"]

[Event "Titled Tuesday Blitz April 4 Early 2023"]
[White "Tifferet, Shaked"]
[Black "Vakhlamov, Igor L."]
[WhiteFideId "2811529"]
[BlackFideId "24126748"]
[WhiteElo "2142"]
[BlackElo "2400"]
[Result "0-1"]
[Round "09"]
[TimeControl "180+2"]
[Date "2023.04.04"]
[WhiteClock "0:00:01"]
[BlackClock "0:00:07"]

1. d4 d5 2. c4 e6 3. g3 Nf6 4. Bg2 c5 5. Nf3 cxd4 6. cxd5 Bc5 7. dxe6 Bxe6 8. O-O Nc6 9. Nbd2 O-O 10. Nb3 Bb6 11. Bf4 Re8 12. Rc1 Nd5 13. Bd2 h6 14. Nc5 Qe7 15. Nxe6 Qxe6 16. Re1 Rad8 17. Qb3 Qf6 18. a3 g5 19. h4 g4 20. Nh2 Qf5 21. Nxg4 Qxg4 22. Bxd5 Rxe2 23. Bxf7+ Kg7 24. Be6 Qe4 25. Rxe2 Qxe2 26. Be1 d3 27. Qc3+ Bd4 28. Qd2 Qxe6 29. Kh2 Ne5 30. Qf4 Rf8 31. Rc7+ Kg8 32. Qxd4 Nf3+ 0-1


[Site "https://www.chess.com"]

[Event "Titled Tuesday Blitz April 4 Early 2023"]
[White "Bruedigam, Martin"]
[Black "Ashraf, Artin"]
[WhiteFideId "24608033"]
[BlackFideId "22514805"]
[WhiteElo "2331"]
[BlackElo "2188"]
[Result "1-0"]
[Round "09"]
[TimeControl "180+2"]
[Date "2023.04.04"]
[WhiteClock "0:00:35"]
[BlackClock "0:00:02"]

1. d4 Nf6 2. c4 b6 3. Nc3 Bb7 4. Nf3 e6 5. e3 d5 6. Bd3 Nbd7 7. O-O c5 8. cxd5 exd5 9. dxc5 bxc5 10. b3 Rc8 11. Bb2 Bd6 12. Rc1 O-O 13. Ne2 Qe7 14. Ng3 Bb8 15. Nh4 Rfe8 16. Nhf5 Qe6 17. Bb1 Ne5 18. h3 Red8 19. Qe2 Ba6 20. Qd2 Bxf1 21. Rxf1 Ne4 22. Qe2 Nxg3 23. fxg3 f6 24. Kh2 c4 25. Bd4 Nf7 26. Qg4 Ng5 27. h4 h5 28. Qxh5 Ne4 29. Qg6 Qd7 30. Bxe4 dxe4 31. Bxf6 Rc6 32. Nxg7 Qf7 33. Qg5 Re6 34. Nxe6+ 1-0


[Site "https://www.chess.com"]